 Dungeon Crawl Stone Soup version 0.31-a0-564-g3b7de120b3 (webtiles) character file.

Game seed: 18112790250107301660

638 Dittersdorf the Covered (level 7, 0/44 HPs)
             Began as a Gargoyle Fighter on Aug 17, 2023.
             Slain by an orc priest
             ... wielding a +0 club
              (3 damage)
             ... on level 4 of the Dungeon.
             The game lasted 00:05:04 (3052 turns).

Dittersdorf the Covered (Gargoyle Fighter)          Turns: 3052, Time: 00:05:05

Health: 0/44       AC: 13    Str: 22    XL:     7   Next: 50%
Magic:  7/7        EV:  9    Int:  8    God:
Gold:   196        SH:  5    Dex:  9    Spells: 6/6 levels left

rFire   . . .        n - +1 morningstar
rCold   . . .        c - +0 buckler
rNeg    + . .        b - +0 scale mail
rPois   ∞            (no helmet)
rElec   +            (no cloak)
rCorr   .            q - +0 pair of gloves
SInv    .            (no boots)
Will    .....        j - amulet of faith Stlth
                     (no ring)
HPRegen 0.27/turn    (no ring)
MPRegen 0.10/turn

%: faith
@: no status effects
A: sickness immunity, AC +4, negative energy resistance 1, electricity
resistance, torment resistance 1, petrification resistance
a: no special abilities


You were on level 4 of the Dungeon.
You visited 1 branch of the dungeon, and saw 4 of its levels.
You also visited: Ossuary.

You collected 196 gold pieces.

Inventory:

Hand Weapons
 n - a +1 morningstar (weapon)
Armour
 b - a +0 scale mail (worn)
 c - a +0 buckler (worn)
 k - a +2 pair of boots
 q - a +0 pair of gloves (worn)
Jewellery
 j - an amulet of faith (around neck)
Wands
 s - a wand of digging (3)
Scrolls
 i - a scroll of poison
 o - 5 scrolls of teleportation
Potions
 a - 2 potions of invisibility {unknown}
 d - a potion of might
 e - a potion of heal wounds
 f - a potion of ambrosia {unknown}
 g - a potion of curing
 h - 2 potions of degeneration {unknown}
 p - a potion of mutation


   Skills:
 + Level 5.4 Fighting
 + Level 4.3 Maces & Flails
 + Level 5.4 Armour
 + Level 5.4 Shields


You had 6 spell levels left.
You didn't know any spells.
Your spell library contained the following spells:

 Spells                   Type           Power      Damage    Failure   Level
 Blink                    Tloc           0%         N/A       89%         2
 Lesser Beckoning         Tloc           0%         N/A       89%         2
 Momentum Strike          Conj/Tloc      0%         3d8       89%         2
 Poisonous Vapours        Pois/Air       0%         N/A       89%         2
 Mephitic Cloud           Conj/Pois/Air  0%         N/A       98%         3
 Freezing Cloud           Conj/Ice/Air   0%         6-21      100%        5


Dungeon Overview and Level Annotations

Branches:
Dungeon (4/15)            Ossuary (visited)
 Temple: D:4-7

Altars:


Innate Abilities, Weirdness & Mutations

You are immune to sickness and miasma.
Your stone body is resilient. (AC +4)
You are immune to poison.
You resist negative energy. (rN+)
You are resistant to electric shocks. (rElec)
You are resistant to unholy torment.
You are immune to petrification.


Message History

You barely miss the orc. You block the orc's attack. The jelly hits you.
You are splashed with acid!
A kobold comes into view. It is wielding a +0 dagger.
You are too injured to fight recklessly!
You are too injured to fight recklessly!
You are too injured to fight recklessly!
You are too injured to fight recklessly!
You are too injured to fight recklessly!
You are too injured to fight recklessly!
You are too injured to fight recklessly!
You are too injured to fight recklessly!
You are too injured to fight recklessly!
You are too injured to fight recklessly!
You are too injured to fight recklessly!
You are too injured to fight recklessly!
You are too injured to fight recklessly!
You are too injured to fight recklessly!
You are too injured to fight recklessly!
You are too injured to fight recklessly!
You are too injured to fight recklessly!
You are too injured to fight recklessly!
You are too injured to fight recklessly!
The jelly closely misses you. You block the orc's attack.
The orc priest hits you with a +0 club.
Things that are here:
a +0 flail; a +0 ring mail; an orc corpse You hit the orc priest but do no damage.
The jelly closely misses you. The orc barely misses you.
The orc priest closely misses you.
You hit the orc priest but do no damage.
The jelly hits you but does no damage. You block the orc's attack.
You block the orc priest's attack.
You closely miss the orc priest. The jelly completely misses you.
The orc hits you with a +0 hand axe.
The orc priest calls down the wrath of Beogh upon you.
Beogh smites you!
* * * LOW HITPOINT WARNING * * *
The jelly hits you but does no damage. The orc hits you but does no damage.
The orc priest hits you with a +0 club.
You die...

## #.#.# #.#.# .# #.#)#
.# #####.#.#####.#
####.......#.....
...#.##....+....# ##.#
##....#.##.#
...#.#........#J########
####.#.....##...@ooK....
.....#.######.#o#######.
.....#.# #+#... .....#.#
..### .....#.# ...+
.....#.# ....# .....#.#
#....# .......# ######
########


You could see a jelly, an orc priest, 2 orcs and a kobold.

Vanquished Creatures
  A phantom (D:4)
  5 elf zombies (Ossuary)
  A jelly (D:3)
  2 mummies (Ossuary)
  6 adders
  A worm (D:2)
  5 orcs
  6 ball pythons
  6 bats
  4 endoplasms
  2 giant cockroaches (D:1)
  8 goblins
  8 hobgoblins
  10 jackals
  2 quokkas
  4 frilled lizards
  2 goblin zombies (Ossuary)
  12 hobgoblin zombies (Ossuary)
  A jackal zombie (Ossuary)
  9 kobolds
  6 kobold zombies (Ossuary)
  11 orc zombies (Ossuary)
  8 rats
120 creatures vanquished.

Notes
Turn   | Place    | Note
-------+----------+-------------------------------------------
     0 | D:1      | Dittersdorf the Gargoyle Fighter began the quest for the
                  | Orb.
     0 | D:1      | Reached XP level 1. HP: 14/14 MP: 1/1
    79 | D:1      | Reached XP level 2. HP: 11/19 MP: 2/2
   352 | D:1      | Reached XP level 3. HP: 23/23 MP: 3/3
   928 | D:2      | Reached XP level 4. HP: 27/29 MP: 4/4
  2008 | D:3      | Reached XP level 5. HP: 30/33 MP: 5/5
  2345 | D:4      | Found a sand-covered staircase.
  2348 | D:4      | Noticed a phantom
  2357 | D:4      | Killed a phantom
  2358 | D:4      | Reached XP level 6. HP: 39/39 MP: 6/6
  2368 | Ossuary  | Entered an ossuary
  2627 | Ossuary  | Reached skill level 5 in Fighting
  2627 | Ossuary  | Reached skill level 5 in Armour
  2627 | Ossuary  | Reached skill level 5 in Shields
  2838 | Ossuary  | Reached XP level 7. HP: 43/44 MP: 7/7
  3052 | D:4      | Slain by an orc priest

Illustrated notes

Levels and vault maps discovered:
D:1:      heliophobic_arrival_enchanted_forest, layout_rooms, st_stairs_7,
          minmay_parallelograms
D:2:      minmay_general_purpose_star, layout_basic,
          chequers_serial_rivers_marsh, kennysheep_donut
D:3:      layout_rooms
D:4:      layout_basic, enter_ossuary_2, minmay_hollow_rounded_squares

Skill      XL: |  1  2  3  4  5  6 |
---------------+-------------------+-----
Armour         | 4 5 |  5.4
Fighting       | 4 5 |  5.4
Shields        | 4 5 |  5.4
Maces & Flails | 3 4 |  4.3

Action                     |  1- 3 |  4- 6 |  7- 9 || total
---------------------------+-------+-------+-------++-------
  Melee: Flail             |   141 |       |       ||   141
         Morningstar       |       |   303 |    40 ||   343
    Use: Scroll            |       |    11 |       ||    11
 Armour: Scale mail        |   106 |   223 |    12 ||   341
  Dodge: Dodged            |   109 |   165 |    19 ||   293
  Block: Buckler           |    36 |    79 |     8 ||   123

Table legend: (Time is in decaauts)
 A = Elapsed time spent in this place.
 B = Non-inter-level travel time spent in this place.
 C = Inter-level travel time spent in this place.
 D = Time resting spent in this place.
 E = Time spent auto-exploring this place.
 F = Levels seen in this place.
 G = Mean time per level.
                   A        B        C        D        E       F      G
               +--------+--------+--------+--------+--------+-----+--------+
         Total |   3223 |   3133 |     90 |    145 |   1935 |   5 |  644.6 |
       Dungeon |   2599 |   2509 |     90 |     11 |   1779 |   4 |  649.8 |
       Ossuary |    624 |    624 |      0 |    134 |    156 |   1 |  624.0 |
               +--------+--------+--------+--------+--------+-----+--------+

Top non-repeatable levels by time:
     D:2: 1108 daAuts
     D:1: 701 daAuts
 Ossuary: 624 daAuts
     D:3: 546 daAuts
     D:4: 243 daAuts
